 Dungeon Crawl Stone Soup version 0.19.1 (webtiles) character file.

90 esteth the Skirmisher (level 4, 0/37 HPs)
             Began as a Formicid Abyssal Knight on Dec 21, 2016.
             Was a Believer of Lugonu.
             Slain by an orc wizard
             ... wielding a +0 dagger
              (1 damage)
             ... on level 3 of the Dungeon.
             The game lasted 00:04:41 (2641 turns).

esteth the Skirmisher (Formicid Abyssal Knight)     Turns: 2641, Time: 00:04:42

Health: 0/37       AC:  3    Str: 18    XL:     4   Next: 85%
Magic:  5/5        EV: 11    Int: 11    God:    Lugonu [**....]
Gold:   114        SH:  0    Dex:  7    Spells: 0 memorised, 3 levels left

rFire  . . .     SeeInvis +     a - +1 hand axe
rCold  . . .     Gourm    .     b - +0 leather armour
rNeg   . . .     Faith    .     (no shield)
rPois  +         Spirit   .     (helmet unavailable)
rElec  .         Reflect  .     (no cloak)
rCorr  .         Harm     .     (no gloves)
MR     .....                    (no boots)
Stlth  +.........               (no amulet)
                                k - ring of poison resistance
                                j - -3 ring of dexterity (curse)

@: invisible
A: permanent stasis, dig shafts and tunnels, four strong arms, antennae 3
a: Dig, Shaft Self, Depart the Abyss, Bend Space, Renounce Religion


You were on level 3 of the Dungeon.
You worshipped Lugonu.
Lugonu was pleased with you.
You were very hungry.

You visited 1 branch of the dungeon, and saw 3 of its levels.
You visited the Abyss 1 time.

You collected 114 gold pieces.

Inventory:

Hand Weapons
 a - a +1 hand axe (weapon)
Armour
 b - a +0 leather armour (worn)
Jewellery
 j - a cursed -3 ring of dexterity (left hand)
 k - a ring of poison resistance (right hand)
Scrolls
 f - a scroll of identify
 i - a scroll of fog
Potions
 e - a potion of flight {unknown}
 g - a potion of magic {unknown}
 n - a potion of lignification {unknown}
Comestibles
 c - 3 bread rations


   Skills:
 + Level 3.8 Fighting
 * Level 3.4 Axes
 + Level 2.8 Armour
 + Level 1.7 Dodging
 - Level 2.2 Invocations


You had 3 spell levels left.
You didn't know any spells.

Dungeon Overview and Level Annotations

Branches:
Dungeon (3/15)

Altars:

Annotations:
D:3 Philosophy's ghost, amateur FoFi


Innate Abilities, Weirdness & Mutations

You are under a permanent stasis effect.
You can dig through walls and to a lower floor.
Your four strong arms can wield two-handed weapons with a shield.
You have a pair of large antennae on your head. (SInv)


Message History

* * * LOW HITPOINT WARNING * * *
You closely miss the orc wizard.
The orc wizard is heavily wounded.
The orc wizard hits you but does no damage. x2
It was a potion of haste.
Your stasis keeps you stable.
The orc wizard hits you but does no damage.
You barely miss the orc wizard.
The orc wizard is heavily wounded.
The orc wizard barely misses you. The orc wizard closely misses you.
You barely miss the orc wizard.
The orc wizard is heavily wounded.
The orc wizard gestures at you while chanting.
The magic dart hits you!
* * * LOW HITPOINT WARNING * * *
The orc wizard hits you but does no damage.
Okay, then.
It was a potion of invisibility.
You fade into invisibility!
The orc wizard hits you with a dagger.
You die...

#.#[# # #.#.# #.
#.#.########
#..#####...........
#.........########
####.###..# #.#
#..... #.# #.#####
#@# #.. #o# #.. #o#
#..# #.# #.# #.#
... .#.


You could see an orc wizard and an orc.

Vanquished Creatures
  An orc priest (D:3)
  An adder (D:2)
  2 worms (D:2)
  A dart slug (D:2)
  An orc (D:3)
  4 bats
  3 giant cockroaches (D:1)
  3 goblins
  6 hobgoblins
  7 jackals
  A quokka (D:2)
  2 ball pythons
  3 frilled lizards
  3 kobolds (D:1)
  2 rats (D:1)
40 creatures vanquished.

Notes
Turn   | Place    | Note
-------+----------+-------------------------------------------
     0 | Abyss:1  | esteth the Formicid Abyssal Knight began the quest for the Orb.
     0 | Abyss:1  | Reached XP level 1. HP: 18/18 MP: 2/2
   147 | Abyss:1  | Noticed a large abomination
   148 | D:1      | Escaped the Abyss
   192 | D:1      | Reached skill level 1 in Dodging
   242 | D:1      | Reached * piety under Lugonu
   243 | D:1      | Reached XP level 2. HP: 16/24 MP: 3/3
   695 | D:1      | Reached XP level 3. HP: 18/29 MP: 4/4
  1732 | D:2      | Reached ** piety under Lugonu
  1739 | D:2      | Reached XP level 4. HP: 22/35 MP: 5/5
  2341 | D:3      | Noticed Philosophy's ghost (amateur FoFi)
  2631 | D:3      | HP: 1/37 [orc wizard/dagger (2)]
  2640 | D:3      | HP: 1/37 [orc wizard/magic dart (5)]
  2641 | D:3      | Slain by an orc wizard

Skill      XL: |  1  2  3  4 |
---------------+-------------+-----
Dodging        | 1 |  1.7
Axes           | 3 |  3.4
Fighting       | |  3.8
Armour         | |  2.8
Invocations    | |  2.2

Action                   |  1- 3 |  4- 6 || total
-------------------------+-------+-------++-------
Melee: Hand axe          |   104 |    42 ||   146
Invok: Depart the Abyss  |     1 |       ||     1
  Use: Scroll            |     3 |     1 ||     4
       Potion            |       |     5 ||     5
  Eat: Chunk             |     3 |     1 ||     4
Armor: Leather armour    |    31 |     8 ||    39
Dodge: Dodged            |    79 |    10 ||    89
